TOP OF THE 1ST |
University of Toronto Marlies batting - Pitching for University of Arizona Wildcats : RHP Andy Garvin
|
Pitching: RHP Andy Garvin
|
|
Batting: RHB Rich Thurman
|
0-0: Called Strike 0-1: Foul Ball, location: 2F 0-2: Foul Ball, location: 2F 0-2: Ball 1-2: Strikes out looking
|
Batting: LHB Jonathan Roman
|
0-0: Foul Ball, location: 2F 0-1: Ball 1-1: Bunt missed! 1-2: Ball 2-2: Ball 3-2: Fly out, F8 (Flyball, 8RD, EV 103.8 MPH)
|
Batting: LHB Jonathon Walton
|
0-0: Called Strike 0-1: Ball 1-1: Ball 2-1: Foul Ball, location: 2F 2-2: Foul Ball, location: 2F 2-2: Ground out 4-3 (Groundball, 4, EV 85.0 MPH)
|
Top of the 1st over - 0 runs, 0 hits, 0 errors, 0 left on base; University of Toronto 0 - University of Arizona 0 |
BOTTOM OF THE 1ST |
University of Arizona Wildcats batting - Pitching for University of Toronto Marlies : RHP Francisco Rosado
|
Pitching: RHP Francisco Rosado
|
|
Batting: LHB Cody Humphries
|
0-0: Ball 1-0: Ball 2-0: Called Strike 2-1: Foul Ball, location: 2F 2-2: Foul Ball, location: 2F 2-2: SINGLE (Groundball, 3D, EV 95.0 MPH)
|
Batting: RHB Kevin Steed
|
0-0: Called Strike 0-1: Swinging Strike 0-2: Ball 1-2: Fly out, F7 (Flyball, 78M, EV 90.0 MPH)
|
Batting: LHB Bruce Arvizu
|
0-0: Ball 1-0: Called Strike 1-1: Fly out, F6 (Line Drive, 6, EV 65.6 MPH)
|
Batting: RHB Carlos Teniente
|
0-0: Ball 1-0: Ground out 4-3 (Groundball, 4, EV 105.6 MPH)
|
Bottom of the 1st over - 0 runs, 1 hit, 0 errors, 1 left on base; University of Toronto 0 - University of Arizona 0 |
TOP OF THE 2ND |
University of Toronto Marlies batting - Pitching for University of Arizona Wildcats : RHP Andy Garvin
|
Batting: RHB Elijah Hunter
|
0-0: Ball 1-0: Ball 2-0: Called Strike 2-1: Swinging Strike 2-2: Ball 3-2: Fly out, F6 (Popup, 56D, EV 43.8 MPH)
|
Batting: LHB Chris Williams
|
0-0: Ball 1-0: Ball 2-0: Ball 3-0: Called Strike 3-1: Base on Balls
|
Batting: RHB Masaru Konno
|
0-0: Swinging Strike 0-1: Foul Ball, location: 2F 0-2: Strikes out looking
|
Batting: LHB Marshall Daul
|
0-0: Ball 1-0: Foul Ball, location: 2F 1-1: Fly out, F9 (Flyball, 9LS, EV 79.4 MPH)
|
Top of the 2nd over - 0 runs, 0 hits, 0 errors, 1 left on base; University of Toronto 0 - University of Arizona 0 |
BOTTOM OF THE 2ND |
University of Arizona Wildcats batting - Pitching for University of Toronto Marlies : RHP Francisco Rosado
|
Batting: RHB Andy Bachman
|
0-0: Called Strike 0-1: Ball 1-1: Swinging Strike 1-2: SINGLE (Groundball, 56D, EV 100.6 MPH)
|
Batting: RHB Allen Deschamps
|
0-0: Called Strike 0-1: Called Strike 0-2: Foul Ball, location: 2F 0-2: Ball 1-2: Foul Ball, location: 2F 1-2: SINGLE (Line Drive, 4MD, EV 98.8 MPH) Andy Bachman to second
|
Batting: RHB Miguel Villanueva
|
0-0: Called Strike 0-1: Swinging Strike 0-2: Ball 1-2: Strikes out swinging
|
Batting: RHB Costantino Dolfini
|
0-0: Ball 1-0: Ball 2-0: Foul Ball, location: 2F 2-1: Grounds into double play, 6-4-3 (Groundball, 6, EV 87.5 MPH)
|
Bottom of the 2nd over - 0 runs, 2 hits, 0 errors, 1 left on base; University of Toronto 0 - University of Arizona 0 |
TOP OF THE 3RD |
University of Toronto Marlies batting - Pitching for University of Arizona Wildcats : RHP Andy Garvin
|
Batting: RHB Jose Argueta
|
0-0: Ball 1-0: Called Strike 1-1: Ball 2-1: Swinging Strike 2-2: Strikes out swinging
|
Batting: RHB Tacito Carreiro
|
0-0: Ball 1-0: SINGLE (Groundball, 6MD, EV 98.8 MPH)
|
Batting: RHB Rich Thurman
|
0-0: Called Strike 0-1: Ball 1-1: SINGLE (Groundball, 34D, EV 98.8 MPH) Tacito Carreiro to second Runner from 2nd tries for 3rd, SAFE, throw by RF made to third
|
Now in RF: Leo Villa
|
|
Batting: LHB Jonathan Roman
|
0-0: Ball 1-0: Called Strike 1-1: Foul Ball, location: 2F 1-2: Ball 2-2: Ball 3-2: Fly out, F7 (Flyball, 78D, EV 80.0 MPH) Runner from 3rd tags up, SCORES, throw by LF
|
Batting: LHB Jonathon Walton
|
0-0: 2-RUN HOME RUN (Flyball, 7LD, EV 93.1 MPH), Distance : 338 ft
|
Batting: RHB Elijah Hunter
|
0-0: Ball 1-0: Swinging Strike 1-1: Called Strike 1-2: Foul Ball, location: 2F 1-2: Strikes out swinging
|
Top of the 3rd over - 3 runs, 3 hits, 0 errors, 0 left on base; University of Toronto 3 - University of Arizona 0 |
BOTTOM OF THE 3RD |
University of Arizona Wildcats batting - Pitching for University of Toronto Marlies : RHP Francisco Rosado
|
Batting: SHB Cesar Pelayo
|
0-0: Ball 1-0: Foul Ball, location: 2F 1-1: Swinging Strike 1-2: Ground out 5-3 (Groundball, 5, EV 90.6 MPH)
|
Batting: LHB Cody Humphries
|
0-0: Ball 1-0: Foul Ball, location: 2F 1-1: Ball 2-1: DOUBLE (Flyball, 8LXD, EV 94.4 MPH)
|
Batting: RHB Kevin Steed
|
0-0: SINGLE (Line Drive, 8LS, EV 98.8 MPH) Cody Humphries to third
|
Batting: LHB Bruce Arvizu
|
0-0: Ball 1-0: Reached via error on a dropped throw from 2B, E6 (Groundball, 4, EV 82.5 MPH) Cody Humphries scores Kevin Steed to second
|
Batting: RHB Leo Villa
|
0-0: Called Strike 0-1: SINGLE (Flyball, 89M, EV 93.8 MPH) Kevin Steed to third Bruce Arvizu to second
|
Pitching: LHP Connor Morse
|
|
Batting: RHB Andy Bachman
|
0-0: Ball 1-0: Foul Ball, location: 2F 1-1: Swinging Strike 1-2: Strikes out looking
|
Batting: RHB Allen Deschamps
|
0-0: Ball 1-0: Ball 2-0: Fly out, F6 (Popup, 4M, EV 56.3 MPH)
|
Bottom of the 3rd over - 1 run, 3 hits, 1 error, 3 left on base; University of Toronto 3 - University of Arizona 1 |
TOP OF THE 4TH |
University of Toronto Marlies batting - Pitching for University of Arizona Wildcats : RHP Andy Garvin
|
Batting: LHB Chris Williams
|
0-0: Swinging Strike 0-1: Ball 1-1: Ground out 6-3 (Groundball, 6, EV 104.4 MPH)
|
Batting: RHB Masaru Konno
|
0-0: Ball 1-0: Ball 2-0: Called Strike 2-1: Fly out, F9 (Flyball, 9, EV 96.3 MPH)
|
Batting: LHB Marshall Daul
|
0-0: Foul Ball, location: 2F 0-1: Swinging Strike 0-2: Fly out, F9 (Flyball, 89D, EV 99.4 MPH)
|
Top of the 4th over - 0 runs, 0 hits, 0 errors, 0 left on base; University of Toronto 3 - University of Arizona 1 |
BOTTOM OF THE 4TH |
University of Arizona Wildcats batting - Pitching for University of Toronto Marlies : LHP Connor Morse
|
Batting: RHB Miguel Villanueva
|
0-0: Ball 1-0: Reached on error, E6 (Groundball, 56, EV 87.5 MPH)
|
Batting: RHB Costantino Dolfini
|
0-0: Fielders Choice at 2nd, 4-6 (Groundball, 34, EV 103.1 MPH)
|
Batting: SHB Cesar Pelayo
|
0-0: Ball 1-0: Called Strike Costantino Dolfini is caught stealing 2nd base 2-4 1-1: Foul Ball, location: 2F 1-2: Ball 2-2: Ball 3-2: Base on Balls
|
Batting: LHB Cody Humphries
|
0-0: Swinging Strike 0-1: Fly out, F6 (Popup, 15, EV 82.5 MPH)
|
Bottom of the 4th over - 0 runs, 0 hits, 1 error, 1 left on base; University of Toronto 3 - University of Arizona 1 |
TOP OF THE 5TH |
University of Toronto Marlies batting - Pitching for University of Arizona Wildcats : RHP Andy Garvin
|
Batting: RHB Jose Argueta
|
0-0: Ball 1-0: Called Strike 1-1: Ball 2-1: Swinging Strike 2-2: Strikes out swinging
|
Batting: RHB Tacito Carreiro
|
0-0: Ball 1-0: SINGLE (Flyball, 56D, EV 91.9 MPH)
|
Batting: RHB Rich Thurman
|
0-0: Swinging Strike 0-1: Foul Ball, location: 2F 0-2: Ball 1-2: Foul Ball, location: 2F 1-2: Strikes out looking
|
Batting: LHB Jonathan Roman
|
0-0: Ground out 3-1 (Groundball, 34S, EV 68.8 MPH)
|
Top of the 5th over - 0 runs, 1 hit, 0 errors, 1 left on base; University of Toronto 3 - University of Arizona 1 |
BOTTOM OF THE 5TH |
University of Arizona Wildcats batting - Pitching for University of Toronto Marlies : LHP Connor Morse
|
Batting: RHB Kevin Steed
|
0-0: Ball 1-0: Ball 2-0: Called Strike 2-1: Ball 3-1: Base on Balls
|
Batting: LHB Bruce Arvizu
|
0-0: Ball 1-0: Ball 2-0: Called Strike 2-1: Ball 3-1: Fly out, F9 (Line Drive, 9, EV 92.5 MPH)
|
Pinch Hitting: LHB Daigo Ishii
|
0-0: Foul Ball, location: 2F 0-1: SINGLE (Line Drive, 4D, EV 96.3 MPH) Kevin Steed to second
|
Batting: RHB Andy Bachman
|
0-0: Called Strike 0-1: Foul Ball, location: 2F 0-2: Strikes out looking
|
Batting: RHB Allen Deschamps
|
0-0: Ball 1-0: Ball 2-0: Fly out, F2 (Popup, 23F, EV 88.1 MPH)
|
Bottom of the 5th over - 0 runs, 1 hit, 0 errors, 2 left on base; University of Toronto 3 - University of Arizona 1 |
TOP OF THE 6TH |
University of Toronto Marlies batting - Pitching for University of Arizona Wildcats : RHP Andy Garvin
|
Now in RF: Daigo Ishii
|
|
Batting: LHB Jonathon Walton
|
0-0: Ball 1-0: Called Strike 1-1: Foul Ball, location: 2F 1-2: SINGLE (Groundball, 4MS, EV 63.8 MPH) (infield hit)
|
Pitching: RHP Chance Griffin
|
|
Batting: RHB Elijah Hunter
|
0-0: Ball 1-0: Fly out, F9 (Flyball, 9S, EV 89.4 MPH)
|
Batting: LHB Chris Williams
|
0-0: Ball 1-0: Ball 2-0: Called Strike 2-1: Foul Ball, location: 2F 2-2: Foul Ball, location: 2F 2-2: Foul Ball, location: 2F 2-2: 2-RUN HOME RUN (Flyball, 9D, EV 96.9 MPH), Distance : 369 ft
|
Batting: RHB Masaru Konno
|
0-0: SINGLE (Groundball, P, EV 93.8 MPH) (infield hit)
|
Batting: LHB Marshall Daul
|
0-0: Foul Ball, location: 2F 0-1: Ball 1-1: Swinging Strike 1-2: Ball 2-2: Strikes out looking
|
Batting: RHB Jose Argueta
|
0-0: Ball Masaru Konno steals 2nd base 1-0: Called Strike 1-1: Foul Ball, location: 2F 1-2: Foul Ball, location: 2F 1-2: Ball 2-2: Foul Ball, location: 2F 2-2: Foul Ball, location: 2F 2-2: Foul Ball, location: 2F 2-2: Strikes out swinging
|
Top of the 6th over - 2 runs, 3 hits, 0 errors, 1 left on base; University of Toronto 5 - University of Arizona 1 |
BOTTOM OF THE 6TH |
University of Arizona Wildcats batting - Pitching for University of Toronto Marlies : LHP Connor Morse
|
Pitching: RHP Leon Benitez
|
|
Batting: RHB Miguel Villanueva
|
0-0: Called Strike 0-1: Ball 1-1: Ground out 6-3 (Groundball, 6, EV 84.4 MPH)
|
Batting: RHB Costantino Dolfini
|
0-0: DOUBLE (Flyball, 8LXD, EV 107.5 MPH)
|
Batting: SHB Cesar Pelayo
|
0-0: Foul Ball, location: 2F 0-1: Ball Costantino Dolfini steals 3rd base 1-1: Ball 2-1: Ball 3-1: Called Strike 3-2: Fly out, F4 (Popup, 4, EV 68.8 MPH)
|
Batting: LHB Cody Humphries
|
0-0: Ball 1-0: DOUBLE (Line Drive, 89XD, EV 97.5 MPH) Costantino Dolfini scores
|
Batting: RHB Kevin Steed
|
0-0: Fly out, F8 (Flyball, 89D, EV 83.1 MPH)
|
Bottom of the 6th over - 1 run, 2 hits, 0 errors, 1 left on base; University of Toronto 5 - University of Arizona 2 |
TOP OF THE 7TH |
University of Toronto Marlies batting - Pitching for University of Arizona Wildcats : RHP Chance Griffin
|
Batting: RHB Tacito Carreiro
|
0-0: Foul Ball, location: 2F 0-1: Called Strike 0-2: Ground out 4-3 (Groundball, 34D, EV 85.0 MPH)
|
Batting: RHB Rich Thurman
|
0-0: Called Strike 0-1: Called Strike 0-2: Foul Ball, location: 2F 0-2: Ball 1-2: Ball 2-2: Foul Ball, location: 2F 2-2: Ball 3-2: Foul Ball, location: 2F 3-2: SINGLE (Groundball, 34D, EV 103.1 MPH)
|
Pitching: LHP Mitchel Larson
|
|
Batting: LHB Jonathan Roman
|
0-0: Foul Ball, location: 2F 0-1: Ball 1-1: Called Strike 1-2: Foul Ball, location: 2F 1-2: Ball 2-2: Fielders Choice at 2nd, 3-6 (Groundball, 3, EV 85.0 MPH)
|
Batting: LHB Jonathon Walton
|
0-0: Ball 1-0: Ground out 4-3 (Groundball, 4, EV 78.8 MPH)
|
Top of the 7th over - 0 runs, 1 hit, 0 errors, 1 left on base; University of Toronto 5 - University of Arizona 2 |
BOTTOM OF THE 7TH |
University of Arizona Wildcats batting - Pitching for University of Toronto Marlies : RHP Leon Benitez
|
Pitching: RHP Tony Machado
|
|
Batting: LHB Bruce Arvizu
|
0-0: Ball 1-0: Ball 2-0: Called Strike 2-1: Fly out, F8 (Flyball, 78M, EV 92.5 MPH)
|
Batting: LHB Daigo Ishii
|
0-0: Ball 1-0: Foul Ball, location: 2F 1-1: Swinging Strike 1-2: Ball 2-2: Foul Ball, location: 2F 2-2: Ball 3-2: Reached on error, E4 (Groundball, 4M, EV 105.0 MPH)
|
Batting: RHB Andy Bachman
|
0-0: Swinging Strike 0-1: Ball 1-1: Ball 2-1: Foul Ball, location: 2F 2-2: Strikes out looking
|
Pitching: LHP Alejandro Rivera
|
|
Batting: RHB Allen Deschamps
|
0-0: Ball 1-0: Ball 2-0: Foul Ball, location: 2F 2-1: Fly out, F7 (Flyball, 7S, EV 76.3 MPH)
|
Bottom of the 7th over - 0 runs, 0 hits, 1 error, 1 left on base; University of Toronto 5 - University of Arizona 2 |
TOP OF THE 8TH |
University of Toronto Marlies batting - Pitching for University of Arizona Wildcats : LHP Mitchel Larson
|
Pitching: RHP Tyler Tomblin
|
|
Batting: RHB Elijah Hunter
|
0-0: Ground out 4-3 (Groundball, 34, EV 110.6 MPH)
|
Batting: LHB Chris Williams
|
0-0: Swinging Strike 0-1: Called Strike 0-2: Strikes out swinging
|
Batting: RHB Masaru Konno
|
0-0: Foul Ball, location: 2F 0-1: Ball 1-1: Swinging Strike 1-2: Ball 2-2: Foul Ball, location: 2F 2-2: Strikes out looking
|
Top of the 8th over - 0 runs, 0 hits, 0 errors, 0 left on base; University of Toronto 5 - University of Arizona 2 |
BOTTOM OF THE 8TH |
University of Arizona Wildcats batting - Pitching for University of Toronto Marlies : LHP Alejandro Rivera
|
Batting: RHB Miguel Villanueva
|
0-0: Fly out, F8 (Line Drive, 8LD, EV 86.9 MPH)
|
Batting: RHB Costantino Dolfini
|
0-0: Ball 1-0: Called Strike 1-1: Foul Ball, location: 2F 1-2: Foul Ball, location: 2F 1-2: Foul Ball, location: 2F 1-2: Fly out, F9 (Flyball, 89XD, EV 102.5 MPH)
|
Batting: SHB Cesar Pelayo
|
0-0: Ball 1-0: Ground out 6-3 (Groundball, 6MS, EV 63.1 MPH)
|
Bottom of the 8th over - 0 runs, 0 hits, 0 errors, 0 left on base; University of Toronto 5 - University of Arizona 2 |
TOP OF THE 9TH |
University of Toronto Marlies batting - Pitching for University of Arizona Wildcats : RHP Tyler Tomblin
|
Pitching: RHP Dean Aspden
|
|
Batting: LHB Marshall Daul
|
0-0: Ball 1-0: Fly out, F8 (Flyball, 8RD, EV 95.0 MPH)
|
Batting: RHB Jose Argueta
|
0-0: Ball 1-0: Fly out, F8 (Flyball, 89D, EV 100.0 MPH)
|
Batting: RHB Tacito Carreiro
|
0-0: Called Strike 0-1: Ball 1-1: Swinging Strike 1-2: DOUBLE (Line Drive, 7LD, EV 106.9 MPH)
|
Batting: RHB Rich Thurman
|
0-0: Ball Wild Pitch! Tacito Carreiro to third 1-0: Ball 2-0: Foul Ball, location: 2F 2-1: Ball 3-1: Foul Ball, location: 2F 3-2: SINGLE (Line Drive, 8LS, EV 102.5 MPH) Tacito Carreiro scores
|
Batting: LHB Jonathan Roman
|
0-0: Ball 1-0: Ball 2-0: Ball 3-0: Base on Balls Rich Thurman to second
|
Batting: LHB Jonathon Walton
|
0-0: Ball 1-0: Ball 2-0: Ball 3-0: Called Strike 3-1: Called Strike 3-2: Foul Ball, location: 2F 3-2: Foul Ball, location: 2F 3-2: SINGLE (Line Drive, 8LS, EV 95.0 MPH) Rich Thurman to third Jonathan Roman to second Rich Thurman scores Jonathan Roman to third
|
Batting: RHB Elijah Hunter
|
0-0: Ball 1-0: Ball 2-0: Called Strike 2-1: Reached on error, E1 (Groundball, 25, EV 68.8 MPH) Jonathan Roman scores Jonathon Walton to third
|
Pitching: RHP Yoshimatsu Sugimoto
|
|
Batting: LHB Chris Williams
|
0-0: Ball 1-0: Ball 2-0: Foul Ball, location: 2F 2-1: Fly out, F8 (Flyball, 89D, EV 87.5 MPH)
|
Top of the 9th over - 3 runs, 3 hits, 1 error, 2 left on base; University of Toronto 8 - University of Arizona 2 |
BOTTOM OF THE 9TH |
University of Arizona Wildcats batting - Pitching for University of Toronto Marlies : LHP Alejandro Rivera
|
Batting: LHB Cody Humphries
|
0-0: Swinging Strike 0-1: Ball 1-1: Ball 2-1: Fly out, F8 (Flyball, 8RM, EV 89.4 MPH)
|
Batting: RHB Kevin Steed
|
0-0: Fly out, F4 (Line Drive, 4, EV 67.5 MPH)
|
Batting: LHB Bruce Arvizu
|
0-0: Ball 1-0: Ball 2-0: Ball 3-0: Called Strike 3-1: Base on Balls
|
Batting: LHB Daigo Ishii
|
0-0: Foul Ball, location: 2F 0-1: Ball 1-1: Ball 2-1: Ball 3-1: Base on Balls Bruce Arvizu to second
|
Batting: RHB Andy Bachman
|
0-0: SINGLE (Line Drive, 4MD, EV 110.6 MPH) Bruce Arvizu to third Daigo Ishii to second
|
Pitching: RHP Eric Kidd
|
|
Batting: RHB Allen Deschamps
|
0-0: Called Strike 0-1: Fielders Choice at 2nd, 6-4 (Groundball, 6, EV 101.3 MPH)
|
Bottom of the 9th over - 0 runs, 1 hit, 0 errors, 3 left on base; University of Toronto 8 - University of Arizona 2 |
|